 Dungeon Crawl Stone Soup version 0.30-a0-576-g89cddaab80 (webtiles) character file.

Game seed: 11726235179370795884

39 bande the Trooper (level 3, -1/24 HPs)
             Began as a Gargoyle Fighter on Dec 31, 2022.
             Slain by Sigmund
             ... wielding a +0 scythe
              (4 damage)
             ... on level 3 of the Dungeon.
             The game lasted 00:01:56 (1510 turns).

bande the Trooper (Gargoyle Fighter)                Turns: 1510, Time: 00:01:57

Health: -1/24      AC: 10    Str: 19    XL:     3   Next: 47%
Magic:  3/3        EV:  9    Int:  8    God:
Gold:   97         SH:  4    Dex: 11    Spells: 2/2 levels left

rFire   . . .      SeeInvis .    a - +0 war axe
rCold   . . .      Faith    .    c - +0 buckler
rNeg    + . .      Spirit   .    b - +0 scale mail
rPois   ∞          Reflect  .    (no helmet)
rElec   +          Harm     .    (no cloak)
rCorr   .          Rampage  .    (no gloves)
Will    .....                    (no boots) Stlth
                                 (no amulet)
HPRegen 0.24/turn                (no ring)
MPRegen 0.08/turn                (no ring)

@: mighty
A: sickness immunity, AC +3, negative energy resistance 1, electricity
resistance, torment resistance 1, petrification resistance
a: no special abilities


You were on level 3 of the Dungeon.
You visited 1 branch of the dungeon, and saw 3 of its levels.

You collected 97 gold pieces.

Inventory:

Hand Weapons
 a - a +0 war axe (weapon)
Armour
 b - a +0 scale mail (worn)
 c - a +0 buckler (worn)
Scrolls
 e - 2 scrolls of blinking {unknown}
 f - a scroll of identify {unknown}
 g - a scroll of teleportation {unknown}
 h - a scroll of summoning {unknown}
 i - 2 scrolls of enchant weapon {unknown}
 l - 2 scrolls of immolation {unknown}
Potions
 j - a potion of cancellation {unknown}
 k - 2 potions of mutation {unknown}


   Skills:
 + Level 3.7 Fighting
 + Level 2.5 Axes
 + Level 3.7 Armour
 - Level 0.1 Stealth
 + Level 3.5 Shields


You had 2 spell levels left.
You didn't know any spells.
Your spell library was empty.

Dungeon Overview and Level Annotations

Branches:
Dungeon (3/15)

Altars:

Shops:
D:2 *

Annotations:
D:3 Sigmund


Innate Abilities, Weirdness & Mutations

You are immune to sickness and miasma.
Your stone body is resilient. (AC +3)
You are immune to poison.
You resist negative energy. (rN+)
You are resistant to electric shocks. (rElec)
You are resistant to unholy torment.
You are immune to petrification.


Message History

You are too confused!
You are too confused!
You are too confused!
You are too confused!
You are too confused!
You feel very mighty all of a sudden. Sigmund gestures at you while chanting.
The magic dart hits you but does no damage.
Sigmund hits you but does no damage. Sigmund gestures at you while chanting.
You are more confused.
Sigmund hits you from afar with a +0 scythe.
Sigmund hits you but does no damage.
You barely miss Sigmund.
Sigmund mumbles some strange words.
Sigmund flickers and vanishes!
Deactivating autopickup; reactivate with Ctrl-A.
You hear some strange, mumbled words.
A puff of flame appears from out of thin air!
The puff of flame hits you. Something hits you but does no damage.
You feel less confused. Something hits you but does no damage.
Something hits you.
You closely miss something. Something hits you but does no damage.
You closely miss something. You block something's attack.
You barely miss something. Something hits you!
You miss something. Something hits you but does no damage.
You slash something! Something hits you.
You barely miss something.
You hear some strange, mumbled words.
You are confused.
Something hits you.
You bump into the rock wall.
Something hits you but does no damage. Something hits you.
* * * LOW HITPOINT WARNING * * *
You feel less confused. Something hits you but does no damage.
Something hits you.
You die...

#.......# .#
#...(...###.#
######.##...#
#........#
#.......##
#........#
#........#
#........#
#.@...#..#
#..{..#..#
#.....#..#
#.....# .#
#.....#
#.....#
#.....#
#######


There were no monsters in sight!

Vanquished Creatures
  A worm (D:3)
  2 dart slugs (D:2)
  3 endoplasms
  3 giant cockroaches
  5 goblins
  2 hobgoblins
  A kobold (D:1)
  A quokka (D:2)
  4 ball pythons
  3 bats
  A frilled lizard (D:2)
  8 rats
34 creatures vanquished.

Notes
Turn   | Place    | Note
-------+----------+-------------------------------------------
     0 | D:1      | bande the Gargoyle Fighter began the quest for the Orb.
     0 | D:1      | Reached XP level 1. HP: 14/14 MP: 1/1
   383 | D:1      | Reached XP level 2. HP: 11/19 MP: 2/2
   414 | D:1      | Noticed a golden eye
   421 | D:1      | Found a faded altar of an unknown god.
   423 | D:1      | Noticed a floating eye
   423 | D:1      | Noticed an eye of devastation
   423 | D:1      | Noticed a floating eye
   878 | D:2      | Found Oxail's General Store.
  1019 | D:2      | Reached XP level 3. HP: 23/23 MP: 3/3
  1480 | D:3      | Noticed Sigmund
  1510 | D:3      | Slain by Sigmund

Illustrated notes

Levels and vault maps discovered:
D:1:      dpeg_arrival_circle_labyrinth_a, layout_basic,
          hellmonk_ecumenical_altar_watching_god
D:2:      layout_loops_ring, serial_shops, shop, minmay_quadrilaterals
D:3:      layout_basic, st_stairs_14, minmay_bisected, uniq_natasha,
          uniq_sigmund, uniq_crazy_yiuf_cottage

Skill      XL: |  1  2 |
---------------+-------+-----
Axes           | 2 |  2.5
Fighting       | |  3.7
Armour         | |  3.7
Stealth        | |  0.1
Shields        | |  3.5

Action                   || total
-------------------------++-------
Melee: War axe           ||   105
  Use: Potion            ||     1
Armor: Scale mail        ||    49
Dodge: Dodged            ||    53
Block: Buckler           ||    22

Table legend: (Time is in decaauts)
 A = Elapsed time spent in this place.
 B = Non-inter-level travel time spent in this place.
 C = Inter-level travel time spent in this place.
 D = Time resting spent in this place.
 E = Time spent auto-exploring this place.
 F = Levels seen in this place.
 G = Mean time per level.
                   A        B        C        D        E       F      G
               +--------+--------+--------+--------+--------+-----+--------+
         Total |   1554 |   1476 |     78 |      0 |   1171 |   3 |  518.0 |
       Dungeon |   1554 |   1476 |     78 |      0 |   1171 |   3 |  518.0 |
               +--------+--------+--------+--------+--------+-----+--------+

Top non-repeatable levels by time:
     D:1: 733 daAuts
     D:2: 655 daAuts
     D:3: 166 daAuts
